Map: New Repugnancy LE

Players

ChefBoyArdy

  • Race: Zerg Zerg
  • League: Diamond
  • Spawn Location: 1:00

pHARM - Winner!

  • Race: Zerg Zerg
  • League: Platinum
  • Spawn Location: 7:00

VOD

Have the link to the VOD?

Description

Time

  • Played on: Aug. 4, 2019, 11:22 p.m.
  • Length: 12:20
Show
View Real Time Build Order
Export as new Build Order

ChefBoyArdy Zerg 

Build Orders: Pool First 

Get SALT Encoding   

  12  0:01  Drone  
  13  0:12  Overlord  
  13  0:16  Drone  
  14  0:30  Drone  
  14  0:31  Drone  
  16  0:39  Drone  
  17  0:46  Extractor  
  17  0:47  Drone  
  17  0:52  Spawning Pool  
  17  0:56  Drone  
  17  1:10  Drone  
  18  1:23  Hatchery  
  17  1:41  Zergling x6  
  17  1:46  Queen  
  22  1:54  Metabolic Boost  
  22  2:04  Overlord  
  22  2:14  Baneling Nest  
  21  2:17  Zergling x2  
  22  2:23  Zergling x2  
  23  2:30  Zergling x2  
  24  2:42  Zergling x2  
  24  2:43  Zergling x2  
  25  2:55  Zergling x4, Queen  
  29  3:01  Baneling x3  
  29  3:04  Zergling x4  
  31  3:08  Drone  
  31  3:12  Drone  
  33  3:13  Drone  
  29  3:45  Drone x9  
  35  3:51  Baneling x2  
  33  4:00  Zergling x4  
  35  4:20  Drone  
  36  4:29  Overlord x3  
  36  4:32  Overlord  
  36  4:36  Roach Warren  
  36  4:37  Lair  
  35  4:39  Drone  
  35  4:40  Evolution Chamber  
  35  4:42  Zergling x2  
  35  4:44  Baneling x2  
  36  4:52  Zergling x2  
  36  4:53  Zergling x6  
  36  5:14  Drone x3  
  36  5:15  Drone x3  
  36  5:20  Drone  
  36  5:21  Drone  
  44  5:22  Drone x3  
  44  5:24  Zerg Missile Weapons Level 1  
  44  5:28  Drone  
  48  5:30  Drone x2, Extractor x2  
  48  5:34  Drone x2, Extractor  
  49  6:00  Overlord x2  
  49  6:02  Queen  
  49  6:03  Glial Reconstitution  
  51  6:19  Hatchery  
  50  6:37  Roach  
  50  6:38  Roach x8  
  68  6:42  Overlord  
  68  6:50  Overlord x2  
  68  7:05  Drone x2  
  70  7:11  Roach  
  70  7:12  Roach  
  70  7:13  Ravager x3  
  77  7:16  Overlord x3  
  77  7:24  Roach x3  
  77  7:27  Roach  
  85  7:36  Roach x3  
  88  7:46  Roach x2  
  88  7:47  Roach  
  88  7:48  Roach x2  
  88  7:49  Roach  
  88  7:50  Roach x3  
  106  7:53  Ravager  
  106  7:56  Drone x2  
  109  7:59  Drone  
  109  8:00  Extractor  
  109  8:01  Extractor  
  108  8:07  Zerg Missile Weapons Level 2  
  108  8:24  Drone x9  
  117  8:29  Drone  
  118  8:34  Overlord x2  
  118  8:37  Tunneling Claws  
  118  8:39  Burrow  
  118  8:43  Queen  
  120  8:50  Drone x3  
  120  8:51  Drone  
  120  8:55  Hatchery  
  123  8:56  Infestation Pit  
  122  9:04  Drone x2  
  122  9:05  Drone x3, Hydralisk Den  
  126  9:17  Drone x4  
  128  9:18  Drone, Queen  
  133  9:25  Overlord x2  
  133  9:36  Hydralisk x4  
  141  9:42  Extractor  
  141  9:44  Extractor  
  139  10:12  Grooved Spines  
  139  10:21  Hydralisk x9, Hive  
  139  10:22  Hydralisk x5  
  167  10:33  Lurker Den  
  166  10:43  Hydralisk  
  166  10:46  Overlord x5  
  161  11:25  Hydralisk x5  
  128  11:26  Hydralisk x10  
  128  11:32  Roach x2  
  141  11:43  Hydralisk x4  
Show
View Real Time Build Order
Export as new Build Order

pHARM Zerg - Winner!

Build Orders: Hatch First 

Get SALT Encoding   

  12  0:01  Drone  
  13  0:09  Drone  
  14  0:16  Overlord  
  14  0:28  Drone, Extractor  
  15  0:37  Drone x2  
  17  0:56  Drone  
  18  0:58  Hatchery  
  18  1:00  Drone  
  18  1:13  Spawning Pool  
  18  1:18  Drone  
  18  1:20  Drone  
  19  1:29  Drone  
  20  2:01  Overlord  
  20  2:06  Drone x2  
  22  2:14  Zergling x4, Spine Crawler  
  23  2:16  Queen x2  
  27  2:23  Zergling x2  
  27  2:27  Zergling x2  
  29  2:49  Drone  
  29  2:50  Drone x3  
  32  3:06  Extractor  
  32  3:10  Zergling x2  
  32  3:11  Zergling x6  
  33  3:32  Zergling x2  
  33  3:33  Zergling x10  
  32  3:44  Zergling x2  
  32  3:45  Zergling x2  
  29  3:55  Drone  
  29  3:56  Drone x3  
  29  3:57  Queen  
  35  4:03  Evolution Chamber  
  35  4:04  Roach Warren  
  33  4:11  Drone x3  
  33  4:15  Evolution Chamber, Overlord  
  35  4:45  Drone x6  
  41  4:51  Overlord x2  
  31  5:15  Drone x8  
  39  5:30  Extractor  
  39  5:31  Roach x4  
  39  5:32  Extractor  
  45  5:39  Drone  
  45  5:40  Drone  
  47  5:49  Zerg Missile Weapons Level 1  
  47  6:01  Drone x3  
  47  6:02  Drone x2  
  47  6:04  Drone  
  53  6:12  Drone x3  
  56  6:22  Drone  
  56  6:23  Drone, Roach  
  56  6:25  Overlord x3  
  62  6:47  Roach x8  
  62  6:49  Overlord  
  62  6:50  Hatchery  
  75  7:03  Roach  
  75  7:04  Roach x2  
  81  7:12  Roach  
  81  7:13  Roach  
  85  7:20  Lair  
  85  7:26  Roach x2  
  85  7:56  Drone x7  
  85  7:57  Overlord x3  
  92  8:07  Queen  
  94  8:32  Drone  
  94  8:33  Overlord x4, Drone x5  
  100  8:46  Extractor  
  99  8:48  Hydralisk Den  
  99  8:55  Roach x10  
  118  8:58  Extractor  
  118  9:00  Extractor  
  116  9:14  Roach x7  
  116  9:15  Zerg Missile Weapons Level 2  
  116  9:16  Zerg Ground Armor Level 1  
  130  9:22  Roach  
  130  9:23  Roach x3  
  138  9:25  Grooved Spines  
  138  9:46  Overlord x2, Roach  
  138  9:47  Roach x6  
  152  9:55  Drone  
  153  10:03  Overlord  
  153  10:04  Overlord  
  153  10:06  Hydralisk x5  
  153  10:07  Hydralisk x2  
  155  10:12  Glial Reconstitution  
  167  10:19  Extractor  
  167  10:27  Hydralisk  
  167  10:28  Hydralisk x6  
  175  10:29  Overlord x2  
  175  10:31  Hatchery  
  180  10:38  Drone x2  
  180  10:39  Drone  
  183  10:52  Hydralisk x2  
  183  10:53  Hydralisk x5  
  179  11:25  Roach x4  
  155  11:26  Roach x13  
  171  11:43  Roach x5  
  169  11:53  Roach x7  
Tags
 
Add a new tag
Caveats
  • Supply blocks, unpowered buildings, or Contaminate may cause inaccurate times.
  • Supply counts are checked every 10 seconds.